 Dungeon Crawl Stone Soup version 0.29.0-11-gd7f09526c8 (webtiles) character file.

Game seed: 18195798380598067286

22309 Arum the Protected (level 13, -3/111 HPs)
             Began as a Formicid Fighter on Sept 2, 2022.
             Was a High Priest of the Shining One.
             Slain by a fire bat (6 damage)
             ... in a Gauntlet.
             The game lasted 00:25:21 (15468 turns).

Arum the Protected (Formicid Fighter)              Turns: 15468, Time: 00:25:29

Health: -3/111     AC: 18    Str: 25    XL:     13   Next: 26%
Magic:  16/16      EV: 11    Int:  9    God:    the Shining One [*****.]
Gold:   642        SH: 18    Dex: 13    Spells: 12/12 levels left

rFire   . . .      SeeInvis +   n - +8 mace of Fusuyf {elec, *Noise Fly rN+}
rCold   . . .      Faith    .   c - +0 buckler
rNeg    + + +      Spirit   .   f - +0 plate armour
rPois   +          Reflect  +   (helmet unavailable)
rElec   .          Harm     .   E - +1 cloak {rPois}
rCorr   .          Rampage  .   (no gloves)
Will    +....                   (no boots)
Stlth   ..........              C - amulet of reflection
HPRegen 0.28/turn               j - +4 ring of evasion
MPRegen 0.15/turn               (no ring)

@: divinely shielded, flying, glowing
A: permanent stasis, dig shafts and tunnels, antennae 3, four strong arms
a: Dig, Renounce Religion, Divine Shield, Cleansing Flame, Summon Divine Warrior


You were in a Gauntlet.
You worshipped the Shining One.
The Shining One was extremely pleased with you.
You visited 2 branches of the dungeon, and saw 14 of its levels.
You also visited: Sewer and Gauntlet.

You collected 788 gold pieces.
You spent 146 gold pieces at shops.

Inventory:

Hand Weapons
 a - a +1 quarterstaff
 n - the +8 mace of Fusuyf (weapon) {elec, *Noise Fly rN+}
   (You found it on level 3 of the Dungeon)

   It occasionally discharges a powerful burst of electricity upon striking a
   foe.
   rN:        It protects you from negative energy.
   Fly:       It grants you flight.
   *Noise:    It may make noises in combat.
 H - a +0 giant spiked club
 I - the +10 dire flail of Ocenucaj {speed, *Corrode Int+4 SInv}
   (You found it on level 13 of the Dungeon)

   Attacks with this weapon are significantly faster.
   Int:       It affects your intelligence (+4).
   SInv:      It lets you see invisible.
   *Corrode:  It may corrode you when you take damage.
Missiles
 D - 2 throwing nets
Armour
 c - a +0 buckler (worn)
 f - a +0 plate armour (worn)
 o - an orb of energy
 E - a +1 cloak of poison resistance (worn)
Jewellery
 j - a +4 ring of evasion (left hand)
 C - an amulet of reflection (around neck)
Wands
 p - a wand of mindburst (3)
 v - a wand of iceblast (5)
 y - a wand of light (8)
 B - a wand of flame (11)
 G - a wand of digging (5)
Scrolls
 d - 2 scrolls of enchant weapon
 h - 2 scrolls of immolation
 m - a scroll of enchant armour
 s - 3 scrolls of fear
 t - a scroll of butterflies
 u - a scroll of magic mapping
 x - a scroll of amnesia
Potions
 b - 2 potions of magic
 e - 4 potions of lignification
 g - a potion of ambrosia {unknown}
 i - 3 potions of flight
 k - 2 potions of curing
 l - 3 potions of mutation
 q - a potion of cancellation
 r - a potion of experience {unknown}
 w - 3 potions of invisibility
 z - 4 potions of brilliance
 A - 2 potions of attraction {unknown}
 F - 2 potions of might


   Skills:
 + Level 13.6 Fighting
 + Level 11.8(12.0) Maces & Flails
 - Level 3.3(8.3) Staves
 + Level 13.6 Armour
 - Level 4.0 Shields
 - Level 5.0 Invocations


You had 12 spell levels left.
You didn't know any spells.
Your spell library contained the following spells:

 Spells                   Type           Power      Damage    Failure   Level
 Sublimation of Blood     Necr           0%         N/A       99%         2
 Wereblood                Tmut           0%         N/A       99%         2
 Conjure Flame            Conj/Fire      0%         6-21      100%        3
 Ignite Poison            Fire/Tmut/Pois 0%         N/A       100%        3
 Inner Flame              Hex/Fire       0%         N/A       100%        3
 Ozocubu's Armour         Ice            0%         N/A       100%        3
 Animate Armour           Summ/Erth      0%         N/A       100%        4
 Cause Fear               Hex            0%         N/A       100%        4
 Sticky Flame             Conj/Fire      0%         2d3       100%        4
 Blade Hands              Tmut           0%         N/A       100%        5
 Iron Shot                Conj/Erth      0%         9d1       100%        6
 Ozocubu's Refrigeration  Ice            0%         4d7       100%        7
 Summon Hydra             Summ           0%         N/A       100%        7
 Discord                  Hex            0%         N/A       100%        8


Dungeon Overview and Level Annotations

Branches:
Dungeon (13/15)            Temple (1/1) D:7            Lair (0/5) D:9
    Orc (0/2) D:12          Sewer (visited)         Gauntlet (1/1)
 Vaults: D:13-14

Altars:
Cheibriados
Dithmenos
Elyvilon
Fedhas
Hepliaklqana
Kikubaaqudgha
Nemelex Xobeh
Okawaru
Qazlal
Ru
Sif Muna
Trog
Uskayaw
Xom
Yredelemnul
Zin
The Shining One

Shops:
D:8 *   D:10 ?

Annotations:
D:5 1 runed translucent door, Plasmagod's ghost, novice SpHu
D:6 3 runed translucent doors, aduken's ghost, novice GnDe
D:9 4 transporters Gauntlet 7 transporters


Innate Abilities, Weirdness & Mutations

You cannot be hasted, slowed, berserked, paralysed or teleported.
You can dig through walls and to a lower floor.
You have a pair of large antennae on your head. (SInv)
Your four strong arms can wield two-handed weapons with a shield.


Message History

The hell hound barely misses you. You block the fire bat's attack.
The hell hound barely misses you. x2
The fire bat bites you but does no damage.
You bludgeon the hell hound!!
You kill the hell hound!
The Shining One accepts your kill.
You feel better.
You feel your power returning. You block the fire bat's attack.
The hell hound breathes flames at you. The blast of flame hits you!
You completely miss the hell hog.
The hell hound bites you but does no damage.
The hell hog breathes fire at you.
The fireball explodes!
The fireball engulfs you!!!
* * * LOW HITPOINT WARNING * * *
The fireball engulfs the hell hound.
The hell hound completely resists.
The fireball engulfs the hell hog.
The hell hog completely resists.
You feel better. You block the hell hound's attack.
The hell hog bites you but does no damage.
You block the hell hound's attack.
Okay, then.
You bludgeon the hell hog!! Lightning courses through the hell hog!
The hell hog is severely wounded.
The hell hog barely misses you. You block the hell hound's attack.
You block the hell hog's attack.
You thump the hell hog!
The hell hog is almost dead.
You block the hell hound's attack. The hell hog breathes fire at you.
The fireball explodes!
The fireball engulfs you!!
* * * LOW HITPOINT WARNING * * *
The fireball engulfs the hell hound.
The hell hound completely resists.
The fireball engulfs the hell hog.
The hell hog completely resists.
You sock the hell hog!
You kill the hell hog!
The Shining One accepts your kill. The fire bat bites you.
* * * LOW HITPOINT WARNING * * *
You are engulfed in flames.
You die...

≈≈≈#≈≈≈#≈≈≈#≈≈≈#≈≈≈#≈≈≈#≈≈≈#≈≈≈#≈
.................................
######...#########...#########...
.#...#.8.#..##..b#.8.#.......#...
.#.#.#...#.#...###...#..#.#..#...
.#.#.#####.#..#..#####X.#.#.[#...
#©##©#©.©#..#©#)©#©.©#x.#©#.©#...
.#.#.#...#..#..#b#...#X.#.#..#...
.#.#.#...###.h{#@#...#Xx#X#.?#...
.#...#8©8#...##h†#8©8#x......#...
##############################...
.................................
8∩8..8⌠8...#≈≈≈#≈≈≈#≈≈≈#≈≈≈#≈≈≈#≈
..........###≈###≈###≈###≈###≈###
########### ### ### ### ### ###
....Z....≈# 8©8©8©8..≈≈#


You could see 3 large abominations, a hell hound, 3 small abominations and a
fire bat.

Vanquished Creatures
  3 boulder beetles
  A hydra (D:12)
  A death scarab (Gauntlet)
  5 two-headed ogres
  A hell hog (Gauntlet)
  A fire crab (Gauntlet)
  A manticore (D:12)
  Joseph (D:8)
  2 kobold demonologists
  A komodo dragon (D:11)
  7 trolls
  A wind drake (shapeshifter) (D:13)
  6 slime creatures
  A spriggan (shapeshifter) (D:11)
  A shadow (D:11)
  2 wraiths (D:12)
  2 unseen horror simulacra (D:10)
  A steam dragon (D:6)
  7 yaks (D:10)
  8 vampire mosquitoes (D:11)
  2 fire bats (Gauntlet)
  Menkaure (D:7)
  2 water moccasins
  3 acid dragons
  Duvessa (D:6)
  2 hell hounds (Gauntlet)
  4 orc warriors
  A swamp drake (D:12)
  5 ice beasts
  A spectral torpor snail (Gauntlet)
  A meliai simulacrum (D:10)
  2 ogres
  2 wolves (D:10)
  6 centaurs
  2 phantoms
  6 kobold brigands
  Blork the orc (D:5)
  5 bullfrogs
  A necrophage (D:6)
  A gnoll sergeant (D:7)
  4 scorpions
  9 wights
  Dowan (D:6)
  20 killer bees
  5 howler monkeys
  An electric eel (D:10)
  6 jellies
  Crazy Yiuf (D:7)
  2 gnoll boudas
  10 orc priests
  4 hounds
  6 iguanas
  14 orc wizards
  A scorpion zombie (D:3)
  3 centaur simulacra (D:10)
  A hound zombie (D:3)
  A howler monkey zombie (D:3)
  A river rat (Sewer)
  6 adders
  12 gnolls
  2 shadow imps
  7 white imps (D:10)
  3 ufetubi
  5 worms
  4 dart slugs
  60 orcs
  11 ball pythons
  5 bats
  14 endoplasms
  8 giant cockroaches
  11 goblins
  8 hobgoblins
  6 jackals (D:1)
  2 quokkas (D:4)
  7 frilled lizards
  23 kobolds
  12 rats
398 creatures vanquished.

Vanquished Creatures (collateral kills)
  An unseen horror (D:12)
  A fire bat (Gauntlet)
  An orc (D:12)
3 creatures vanquished.

Vanquished Creatures (others)
  A white imp (D:10)
  An orc (D:10)
  A butterfly (D:4)
  A demonic plant (Gauntlet)
  A fungus (D:7)
  A plant (D:11)
6 creatures vanquished.

Grand Total: 407 creatures vanquished

Notes
Turn   | Place    | Note
-------+----------+-------------------------------------------
     0 | D:1      | Arum the Formicid Fighter began the quest for the Orb.
     0 | D:1      | Reached XP level 1. HP: 18/18 MP: 1/1
   129 | D:1      | Reached XP level 2. HP: 19/24 MP: 2/2
   300 | D:1      | Reached XP level 3. HP: 17/30 MP: 3/3
  1067 | D:2      | Reached XP level 4. HP: 32/37 MP: 4/4
  1484 | D:2      | Found a white marble altar of Elyvilon.
  1492 | D:2      | Became a worshipper of Elyvilon the Healer
  1701 | D:3      | Found a basalt altar of Yredelemnul.
  1707 | D:3      | Reached XP level 5. HP: 42/42 MP: 5/5
  1740 | D:3      | Identified the +8 mace of Fusuyf {elec, *Noise Fly rN+}
  1818 | D:3      | Found a glowing drain.
  1850 | Sewer    | Entered a sewer
  1978 | Sewer    | Reached skill level 1 in Maces & Flails
  1991 | Sewer    | Reached XP level 6. HP: 44/49 MP: 6/6
  2023 | Sewer    | Found a viscous altar of Jiyva.
  2030 | Sewer    | Reached skill level 5 in Armour
  2110 | Sewer    | Reached skill level 5 in Fighting
  2539 | D:3      | Reached * piety under Elyvilon
  2644 | D:3      | Found a faded altar of an unknown god.
  2869 | D:4      | Reached XP level 7. HP: 41/55 MP: 7/7
  2892 | D:4      | Found a hazy altar of Hepliaklqana.
  2892 | D:4      | Found a bloodstained altar of Trog.
  3561 | D:4      | Reached ** piety under Elyvilon
  3577 | D:4      | Reached XP level 8. HP: 64/64 MP: 8/8
  3588 | D:4      | Found a white marble altar of Elyvilon.
  3981 | D:5      | Entered Level 5 of the Dungeon
  4438 | D:5      | Noticed a troll
  4445 | D:5      | Killed a troll
  4854 | D:5      | Reached skill level 5 in Maces & Flails
  4986 | D:5      | Noticed Blork the orc
  4991 | D:5      | Killed Blork the orc
  4992 | D:5      | Reached XP level 9. HP: 53/72 MP: 9/9
  5157 | D:5      | Noticed Plasmagod's ghost (novice SpHu)
  5158 | D:5      | Found a runed translucent door.
  5521 | D:6      | Reached *** piety under Elyvilon
  5568 | D:6      | Found an ancient bone altar of Kikubaaqudgha.
  5643 | D:6      | Noticed Dowan
  5645 | D:6      | Noticed Duvessa
  5658 | D:6      | Killed Duvessa
  5679 | D:6      | Killed Dowan
  5975 | D:6      | Found a runed translucent gate.
  5976 | D:6      | Found a runed translucent gate.
  5977 | D:6      | Found a runed translucent gate.
  5979 | D:6      | Noticed aduken's ghost (novice GnDe)
  6321 | D:7      | Found a staircase to the Ecumenical Temple.
  6365 | D:7      | Reached XP level 10. HP: 82/82 MP: 10/10
  6516 | D:7      | Found a glowing silver altar of Zin.
  6669 | D:7      | Noticed Menkaure
  6702 | Temple   | Entered the Ecumenical Temple
  6743 | Temple   | Fell from the grace of Elyvilon
  6743 | Temple   | Became a worshipper of the Shining One
  6743 | Temple   | Reached * piety under the Shining One
  6787 | D:7      | Killed Menkaure
  6942 | D:7      | Reached ** piety under the Shining One
  7458 | D:7      | Found a runed translucent door.
  7459 | D:7      | Noticed Crazy Yiuf
  7464 | D:7      | Killed Crazy Yiuf
  7635 | D:8      | Reached skill level 10 in Armour
  7914 | D:8      | Noticed Joseph
  7924 | D:8      | Killed Joseph
  7925 | D:8      | Reached skill level 10 in Fighting
  8004 | D:8      | Found Vein's Assorted Antiques.
  8011 | D:8      | Bought a scroll of identify for 50 gold pieces
  8011 | D:8      | Bought a scroll of identify for 50 gold pieces
  8011 | D:8      | Bought a bubbling blue potion for 22 gold pieces
  8315 | D:9      | Reached XP level 11. HP: 44/92 MP: 11/11
  8623 | D:9      | Found a transporter.
  8745 | D:9      | Noticed a two-headed ogre
  8749 | D:9      | Killed a two-headed ogre
  8908 | D:9      | Found a staircase to the Lair.
  9018 | D:9      | Found a transporter.
  9235 | D:9      | Found a transporter.
  9239 | D:9      | Found a transporter.
  9486 | D:10     | Entered Level 10 of the Dungeon
  9486 | D:10     | Noticed a two-headed ogre
  9486 | D:10     | Reached *** piety under the Shining One
  9540 | D:10     | Killed a two-headed ogre
 10192 | D:10     | You are sucked into a shaft and drop 1 floor!
 10458 | D:10     | Found Ikhlodocs's Magic Scroll Emporium.
 10462 | D:10     | Reached **** piety under the Shining One
 10483 | D:10     | Bought a scroll of identify for 24 gold pieces
 11443 | D:11     | Reached skill level 10 in Maces & Flails
 11461 | D:11     | Reached XP level 12. HP: 92/102 MP: 12/12
 11614 | D:11     | Noticed a two-headed ogre
 11626 | D:11     | Killed a two-headed ogre
 11821 | D:11     | Noticed a glowing orange brain
 11825 | D:11     | a glowing orange brain changed into a snapping turtle
 11945 | D:11     | Noticed a boulder beetle
 11963 | D:11     | Killed a boulder beetle
 12092 | D:11     | Noticed a boulder beetle
 12106 | D:11     | Killed a boulder beetle
 12908 | D:12     | Noticed a two-headed ogre
 12917 | D:12     | Killed a two-headed ogre
 12948 | D:12     | Noticed a boulder beetle
 12956 | D:12     | Found a shimmering altar of Xom.
 13560 | D:11     | Reached skill level 1 in Invocations
 14041 | D:12     | Noticed a two-headed ogre
 14055 | D:12     | Killed a two-headed ogre
 14066 | D:12     | Noticed a four-headed hydra
 14070 | D:12     | Killed a four-headed hydra
 14413 | D:12     | Noticed a boulder beetle
 14430 | D:12     | Killed a boulder beetle
 14431 | D:12     | Reached XP level 13. HP: 92/104 MP: 15/15
 14871 | D:12     | Found a staircase to the Orcish Mines.
 14958 | D:13     | Identified the +10 dire flail of Ocenucaj {speed, *Corrode
                  | Int+4 SInv}
 14966 | D:13     | Found a gate leading to a gauntlet.
 14987 | Gauntlet | Entered a Gauntlet
 14987 | Gauntlet | Reached ***** piety under the Shining One
 14987 | Gauntlet | Found a transporter.
 14992 | Gauntlet | Found a transporter.
 14995 | Gauntlet | Found a transporter.
 15000 | Gauntlet | Found a transporter.
 15008 | Gauntlet | Found a transporter.
 15012 | Gauntlet | Found a transporter.
 15017 | Gauntlet | Found a transporter.
 15022 | Gauntlet | Found a transporter.
 15026 | Gauntlet | Found a transporter.
 15031 | Gauntlet | Found a transporter.
 15037 | Gauntlet | Found a transporter.
 15041 | Gauntlet | Found a transporter.
 15046 | Gauntlet | Found a transporter.
 15055 | Gauntlet | Found a transporter.
 15400 | Gauntlet | Reached skill level 5 in Invocations
 15468 | Gauntlet | HP: 3/111 [fire bat (4)]
 15468 | Gauntlet | Slain by a fire bat

Illustrated notes

Levels and vault maps discovered:
D:1:      dpeg_arrival_ternary, layout_basic, roderic_malta_cross
D:2:      layout_rooms, basic_altar, serial_curves, eino_curves_04,
          eino_curves_02, serial_bayou_ford_a
D:3:      layout_basic, nicolae_yredelemnul_corpse_copse,
          hellmonk_ecumenical_altar_heavens_door, gup_sewer_entry_glass,
          serial_park_tiny_pond, kennysheep_generic_room_4
D:4:      layout_cave_pods, nicolae_overflow_hidden_temple,
          nicolae_elyvilon_peaceful_grove, minmay_ruptured
D:5:      kennysheep_big_flooded_room, layout_rooms,
          hellmonk_ghost_happy_afterlife, fountainhead,
          wad_floor_pattern_untrapped, minivault_14, nicolae_underground_beach,
          uniq_blork_the_orc
D:6:      layout_loops_ring, mainiacjoe_overflow_24_doors,
          ebering_ghost_rock_garden, uniq_duvessa
D:7:      layout_basic, mainiacjoe_overflow_alcove_1, minmay_temple_entry_mist,
          uniq_menkaure, uniq_crazy_yiuf_cottage
D:8:      layout_rooms, serial_shops, shop, uniq_joseph
D:9:      layout_loops_corners, lair_entry_dummy, minmay_misc_feat_enclosed,
          minmay_strange_pillars, nicolae_diode_intersection
D:10:     layout_loops_ring, serial_shops, nicolae_shop_statue_plus, serial_ice,
          serial_ice_k, serial_ice_m, serial_ice_o, serial_ice_a, serial_ice_f,
          serial_ice_e, serial_ice_h, serial_ice_g, serial_ice_c, serial_ice_n
D:11:     layout_basic, wad_dig_loot
D:12:     layout_long_grid, erik_orc_1, tgw_xom
D:13:     layout_rooms, david_vaults_5, gauntlet_entry_generic
Temple:   nicolae_temple_superstar
Gauntlet: gammafunk_gauntlet_77_escape_option
          [minmay_gauntlet_arena_77_checkered, minmay_gauntlet_arena_77_mess,
          minmay_gauntlet_arena_77_two_paths, minmay_gauntlet_arena_77_squiggly,
          minmay_gauntlet_arena_77_chump_sandwich, gauntlet_exit_hidden_loot]

Skill      XL: |  1  2  3  4  5  6  7  8  9 10 11 12 13 |
---------------+----------------------------------------+-----
Armour         | 4 5 6 7 9 10 12 13 | 13.6
Fighting       | 4 5 6 7 8 10 12 13 | 13.6
Staves         | 3 |  3.3
Maces & Flails | 1 2 3 5 6 8 10 11 | 11.8
Invocations    | 3 5 |  5.0
Shields        | |  4.0

Action                   |  1- 3 |  4- 6 |  7- 9 | 10-12 | 13-15 || total
-------------------------+-------+-------+-------+-------+-------++-------
Melee: Quarterstaff      |    87 |    57 |       |       |       ||   144
       Mace              |       |   102 |   228 |   530 |    57 ||   917
       Dire flail        |       |       |       |       |    43 ||    43
Invok: Divine Shield     |       |       |       |     3 |     1 ||     4
 Abil: Dig               |       |     4 |     3 |     8 |     1 ||    16
Evoke: Wand              |       |       |       |     8 |       ||     8
  Use: Scroll            |       |     7 |     7 |    10 |     4 ||    28
       Potion            |       |       |     1 |     4 |     1 ||     6
Armor: Scale mail        |    41 |    16 |       |       |       ||    57
       Plate armour      |       |    50 |    89 |   184 |    25 ||   348
Dodge: Dodged            |    49 |    74 |    98 |   208 |    16 ||   445
Block: Buckler           |    18 |    44 |    48 |   228 |    46 ||   384
       Reflection        |       |       |       |    10 |     1 ||    11
